 Dungeon Crawl Stone Soup version 0.31-a0-4-gefa6de2278 (console) character file.

Game seed: 5292699843171033237

120631 jejorda2 the Impaler (level 16, -3/129 (136) HPs)
             Began as a Merfolk Berserker on May 3, 2023.
             Was a High Priest of Trog.
             Slain by an orc knight
             ... wielding a +0 great mace
              (17 damage)
             ... on level 2 of the Orcish Mines.
             The game lasted 01:15:47 (23863 turns).

jejorda2 the Impaler (Merfolk Berserker)           Turns: 23863, Time: 01:15:48

HP:   -3/129 (136)  AC: 18    Str: 30    XL:     16   Next: 82%
MP:   16/16         EV: 13    Int: 16    God:    Trog [*****.]
Gold: 2304          SH:  0    Dex: 24    Spells: 15/15 levels left

rFire   + . .        a - +5 glaive (freeze)
rCold   + . .        (shield currently unavailable)
rNeg    . . .        Z - +3 chain mail of Saipailo {Dex+7}
rPois   .            H - +2 helmet
rElec   +            l - +2 cloak
rCorr   .            w - +2 pair of gloves "Eciteitt" {Drain rElec rF+ Str+3}
SInv    .            K - +2 pair of boots {rampage}
Will    ++++.        C - amulet of regeneration Stlth
                     i - ring of Satisfaction {rElec rC+ Int+9 Dex-3 Stlth+}
HPRegen 2.21/turn    s - ring of Bixkoec {Will+ Str+3 Dex+6}
MPRegen 0.15/turn

%: rampage
@: strong-willed, corroded, on berserk cooldown, regenerating, slowed, drained,
very slow
A: (nimble swimmer 2), mertail
a: Renounce Religion, Berserk, Trog's Hand, Brothers in Arms


You were on level 2 of the Orcish Mines.
You worshipped Trog.
Trog was extremely pleased with you.
You visited 3 branches of the dungeon, and saw 22 of its levels.
You also visited: Sewer, Gauntlet and Ice Cave.

You collected 2304 gold pieces.

Inventory:

Hand Weapons
 a - a +5 glaive of freezing (weapon)
 b - a +5 glaive of flaming
Missiles
 d - 123 stones
 g - 27 poisoned darts
 A - 18 boomerangs
 D - 4 silver javelins
 F - 2 silver boomerangs
 N - a curare-tipped dart
 Q - 4 atropa-tipped darts
 R - a javelin (quivered)
 V - 5 throwing nets
Armour
 l - a +2 cloak (worn)
 w - the +2 pair of gloves "Eciteitt" (worn) {Drain rElec rF+ Str+3}
   (You found it in a Gauntlet)

   Str:       It affects your strength (+3).
   rF:        It protects you from fire.
   rElec:     It insulates you from electricity.
   Drain:     It drains your maximum health when unequipped.
 H - a +2 helmet (worn)
 K - a +2 pair of boots of rampaging (worn)
 Z - the +3 chain mail of Saipailo (worn) {Dex+7}
   (You found it on level 4 of the Lair of Beasts)

   Dex:       It affects your dexterity (+7).
Jewellery
 i - the ring of Satisfaction (left hand) {rElec rC+ Int+9 Dex-3 Stlth+}
   (You acquired it on level 4 of the Dungeon)

   [ring of protection from cold]

   Int:       It affects your intelligence (+9).
   Dex:       It affects your dexterity (-3).
   rC:        It protects you from cold.
   rElec:     It insulates you from electricity.
   Stlth:     It makes you more stealthy.
 k - a ring of resist corrosion
 s - the ring of Bixkoec (right hand) {Will+ Str+3 Dex+6}
   (You found it on level 12 of the Dungeon)

   [ring of dexterity]

   Str:       It affects your strength (+3).
   Dex:       It affects your dexterity (+6).
   Will:      It increases your willpower.
 C - an amulet of regeneration (around neck)
 S - a ring of see invisible
Wands
 j - a wand of polymorph (10)
 o - a wand of paralysis (44)
 y - a wand of roots (6)
 B - a wand of light (3)
 G - a wand of mindburst (17)
 M - a wand of flame (17)
 U - a wand of digging (12)
Scrolls
 c - 3 scrolls of blinking
 f - 9 scrolls of teleportation
 r - a scroll of fear
 x - 5 scrolls of fog
 J - a scroll of poison
 P - 2 scrolls of butterflies
 T - a scroll of silence
 X - 2 scrolls of immolation
Potions
 e - 5 potions of resistance
 h - 9 potions of ambrosia
 m - 6 potions of attraction
 n - 6 potions of curing
 p - 3 potions of flight
 q - 2 potions of invisibility
 t - 5 potions of mutation
 u - 3 potions of cancellation
 v - 9 potions of might
 z - 4 potions of heal wounds
 I - 2 potions of haste
 L - a potion of lignification
Miscellaneous
 E - a phial of floods


   Skills:
 + Level 15.6 Fighting
 - Level 20.0 Polearms
 - Level 16.0 Throwing
 * Level 14.1 Armour
 + Level 4.6 Dodging
 - Level 7.0 Evocations


You had 15 spell levels left.
You didn't know any spells.
Your spell library was empty.

Dungeon Overview and Level Annotations

Branches:
Dungeon (15/15)            Temple (0/1) D:6            Lair (5/5) D:10
  Swamp (0/4) Lair:2       Spider (0/4) Lair:3        Slime (0/5) Lair:4
    Orc (2/2) D:12            Elf (0/3) Orc:2        Vaults (0/5) D:14
 Depths (0/4) D:15          Sewer (visited)           IceCv (visited)
Gauntlet (visited)

Altars:
Ashenzari
Cheibriados
Dithmenos
Elyvilon
Fedhas
Kikubaaqudgha
Nemelex Xobeh
Ru
Sif Muna
Trog
Uskayaw
Vehumet
Wu Jian
Xom
Yredelemnul
Zin
The Shining One
Jiyva

Shops:
D:7 (   D:8 (:*   Orc:2 ?*

Annotations:
D:14 2 runed translucent doors, exclusion: orange crystal statue


Innate Abilities, Weirdness & Mutations

((You are very nimble when in or above water. (Stealth+, EV+, Speed+++)))
Your lower body shifts to a powerful aquatic tail in water.


Message History

Unknown command.
Reach: a) +5 glaive (freeze)
Press: ? - help, Dir - move target, f - orc sorcerer
Aim: an orc sorcerer, wielding a +0 dagger and wearing a +0 robe (blue smoke, strong, about 28% to evade your +5 glaive of freezing)
You reach to attack!
You slash the orc sorcerer! You freeze the orc sorcerer.
The orc sorcerer is moderately wounded.
The orc knight hits you with a +0 great mace!
The orc sorcerer casts a spell at you.
The bolt of negative energy hits the orc warrior!!
The orc warrior is drained!
The orc warrior dies!
The bolt of negative energy hits you!!
You feel drained.
* * * LOW HITPOINT WARNING * * *
You hear a shout!
Unknown command.
You closely miss the orc knight.
The orc knight is moderately wounded.
The orc knight closely misses you.
An orc high priest comes into view. It is wielding a +0 trident.
You hit the orc knight but do no damage.
The orc knight is moderately wounded.
The orc knight roars a battlecry!
The orc high priest goes into a battle-frenzy!
The orc sorcerer hits you but does no damage.
You hit the orc knight but do no damage.
The orc knight is moderately wounded.
The orc knight barely misses you. The orc sorcerer barely misses you.
Your skin crawls.
You feel strong-willed.
The orc knight hits you with a +0 great mace!!
* * * LOW HITPOINT WARNING * * *
The orc sorcerer closely misses you.
You hear a shout!
Unknown command.
You hit the orc knight but do no damage.
The orc knight is moderately wounded.
You hear a shout! x2
The orc knight closely misses you. The orc sorcerer closely misses you.
The orc knight hits you with a +0 great mace!
You die...

#.. ### #..###.##
#..###...##
#..###.#.#.##
##..###...#.))##
##..###..)###)).##
#..###...##
##)..## .....)..##
##...## ...#...##
##@o.# .#....##
##o#.# .....##
))(.# .#..## o((..
.....## ...(##
##.... )#))..##
.#.## ......
..)#...## ..##
...... .....)..#
.# #....
#.)###...# #....


You could see an orc knight, an orc high priest (strong) and an orc sorcerer
(strong).

Vanquished Creatures
  Roxanne (D:14)
  2 frost giants (IceCv)
  Louise (D:14)
  An ironbound preserver (D:14)
  A white draconian (IceCv)
  A minotaur (Gauntlet)
  A fire dragon (D:15)
  3 hydras
  Fannar (D:12)
  Harold (D:11)
  A merfolk avatar (Lair:5)
  4 catoblepae
  2 ogre magi (D:15)
  6 ice dragons (IceCv)
  5 centaur warriors
  7 ironbound frosthearts (IceCv)
  8 two-headed ogres
  6 boulder beetles
  A death knight (D:13)
  8 death yaks
  2 orc high priests
  2 tengu warriors
  A soul eater (Orc:2)
  A vampire mage (D:15)
  A sixfirhy (Orc:2)
  Lodul (D:11)
  2 skysharks
  3 skeletal warriors
  A flayed ghost (D:15)
  2 orange crystal statues
  2 bog bodies (Lair:2)
  A shadow dragon zombie (D:15)
  5 orc knights
  A phantasmal warrior (D:13)
  3 harpies (Lair:5)
  A necromancer (D:15)
  A wizard (D:14)
  A sphinx zombie (D:15)
  4 manticores
  4 orc sorcerers
  21 ugly things
  A deep elf pyromancer (D:15)
  11 elephants
  A stone giant skeleton (D:15)
  A rust devil (Orc:2)
  Joseph (D:9)
  A smoke demon (Orc:2)
  7 black mambas
  2 ice statues
  17 cane toads
  3 gargoyles
  10 komodo dragons
  13 rime drakes
  An ice devil (Lair:3)
  A yaktaur (D:15)
  3 freezing wraiths
  A tengu conjurer (D:15)
  2 efreet (D:13)
  A guardian mummy (D:15)
  12 polar bears
  2 trolls
  A queen bee (Lair:2)
  A red devil (Orc:2)
  An ettin zombie (D:15)
  15 blink frogs
  A wolf spider simulacrum (D:15)
  A dream sheep (Lair:3)
  3 centaur simulacra
  5 flying skulls (Gauntlet)
  2 wraiths
  39 yaks
  3 slime creatures
  4 wyverns
  A human (shapeshifter) (D:14)
  6 basilisks
  A fire elemental (Lair:5)
  A basilisk (shapeshifter) (D:13)
  5 steam dragons
  4 vampire mosquitoes
  A redback simulacrum (Gauntlet)
  2 swamp worms (Lair:2)
  15 water moccasins
  An acid dragon (D:13)
  A hydra simulacrum (Gauntlet)
  28 orc warriors
  4 ice beasts
  3 sky beasts
  3 black bears
  3 boggarts (D:15)
  8 centaurs
  15 ogres
  19 wolves
  A phantom (D:6)
  2 kobold brigands
  3 gnoll sergeants (D:7)
  7 bullfrogs
  8 scorpions
  11 wights
  37 killer bees
  2 electric eels
  9 howler monkeys
  A hound (D:5)
  3 jellies
  Crazy Yiuf (D:4)
  27 orc priests
  A gnoll bouda (D:7)
  2 sleepcaps (D:6)
  Ijyb (D:4)
  5 iguanas
  21 orc wizards
  A boggart simulacrum (Gauntlet)
  A mummy (D:5)
  Robin (D:4)
  5 gnolls (D:7)
  10 adders
  2 shadow imps
  4 white imps
  2 ufetubi
  7 worms
  60 orcs
  6 ball pythons
  8 bats
  7 endoplasms
  3 giant cockroaches
  17 goblins
  8 hobgoblins
  4 jackals (D:3)
  6 quokkas
  A frilled lizard (D:3)
  17 kobolds
  13 rats
  A fire vortex (Lair:5)
735 creatures vanquished.

Vanquished Creatures (collateral kills)
  2 death yaks (Lair:3)
  A cane toad (Lair:3)
  A komodo dragon (Lair:3)
  A polar bear (Lair:3)
  3 dream sheep (Lair:3)
  A wyvern (Lair:3)
  5 ogres (D:11)
14 creatures vanquished.

Vanquished Creatures (others)
  A polar bear (IceCv)
  2 orc warriors (Orc:2)
  An orc (Orc:1)
  20 fungi
  22 plants
  6 withered plants (D:15)
52 creatures vanquished.

Grand Total: 801 creatures vanquished

Notes
Turn   | Place    | Note
-------+----------+-------------------------------------------
     0 | D:1      | jejorda2 the Merfolk Berserker began the quest for the Orb.
     0 | D:1      | Reached XP level 1. HP: 18/18 MP: 1/1
   315 | D:1      | Reached XP level 2. HP: 24/24 MP: 2/2
   884 | D:2      | Reached skill level 5 in Polearms
   884 | D:2      | Reached XP level 3. HP: 29/30 MP: 3/3
  1141 | D:2      | Reached ** piety under Trog
  1595 | D:2      | Reached XP level 4. HP: 37/37 MP: 4/4
  1628 | D:3      | Noticed a scorpion
  1867 | D:3      | Reached skill level 6 in Polearms
  2047 | D:3      | Found a blossoming altar of Fedhas.
  2248 | D:3      | Found a hide-covered altar of Uskayaw.
  2333 | D:3      | Killed a scorpion
  2334 | D:3      | Reached XP level 5. HP: 40/43 MP: 5/5
  2386 | D:4      | Noticed a black bear
  2393 | D:4      | Killed a black bear
  2394 | D:4      | Reached skill level 7 in Polearms
  2394 | D:4      | Reached XP level 6. HP: 50/50 MP: 6/6
  2508 | D:4      | Noticed Robin
  2515 | D:4      | Reached skill level 5 in Fighting
  2519 | D:4      | Reached skill level 8 in Polearms
  2552 | D:4      | Found a sacrificial altar of Ru.
  2796 | D:4      | Identified a scroll of acquirement
  2796 | D:4      | Acquired the ring of Satisfaction {rElec rC+ Int+9 Dex-3
                  | Stlth+}
  2806 | D:4      | Noticed Ijyb
  2811 | D:4      | Reached XP level 7. HP: 56/56 MP: 7/7
  2824 | D:4      | Killed Ijyb
  2935 | D:4      | Killed Robin
  3328 | D:4      | Found a runed translucent door.
  3329 | D:4      | Noticed Crazy Yiuf
  3337 | D:4      | Killed Crazy Yiuf
  3338 | D:4      | Reached skill level 9 in Polearms
  3564 | D:5      | Entered Level 5 of the Dungeon
  3655 | D:5      | Found a glowing drain.
  3663 | D:5      | Reached XP level 8. HP: 64/64 MP: 8/8
  3713 | Sewer    | Entered a sewer
  3720 | Sewer    | Reached *** piety under Trog
  3790 | Sewer    | Reached skill level 10 in Polearms
  4083 | D:5      | Noticed a wraith
  4095 | D:5      | Killed a wraith
  4415 | D:5      | Found a snail-covered altar of Cheibriados.
  4636 | D:6      | Reached skill level 11 in Polearms
  4762 | D:6      | Reached XP level 9. HP: 66/69 MP: 7/9
  4804 | D:6      | Found a staircase to the Ecumenical Temple.
  4853 | D:6      | Reached skill level 5 in Armour
  5112 | D:6      | Reached skill level 12 in Polearms
  5463 | D:6      | Found a glowing golden altar of the Shining One.
  5677 | D:6      | Found a basalt altar of Yredelemnul.
  5679 | D:6      | Noticed a profane servitor
  5885 | D:6      | Noticed an angel
  6205 | D:7      | Found an ornate altar of the Wu Jian Council.
  6362 | D:7      | Found a sparkling altar of Nemelex Xobeh.
  6363 | D:7      | Found Pirphorch's Weapon Shop.
  6427 | D:7      | Reached skill level 13 in Polearms
  6479 | D:7      | Noticed a skeletal warrior
  6503 | D:7      | Killed a skeletal warrior
  6504 | D:7      | Reached skill level 14 in Polearms
  6504 | D:7      | Reached XP level 10. HP: 67/76 MP: 6/10
  6504 | D:7      | Noticed a two-headed ogre
  6516 | D:7      | Killed a two-headed ogre
  6576 | D:7      | Found the +7 sceptre of Torment {pain, torment}
  6980 | D:7      | Found a shimmering blue altar of Sif Muna.
  7212 | D:7      | Reached skill level 15 in Polearms
  7489 | D:8      | Found an ancient bone altar of Kikubaaqudgha.
  7556 | D:8      | Found Keeb's General Store.
  7579 | D:8      | Reached **** piety under Trog
  7689 | D:8      | Found Goteug's Book Shop.
  7821 | D:8      | Found Tymm's Weapon Boutique.
  8028 | D:9      | Noticed Joseph
  8042 | D:9      | Killed Joseph
  8111 | D:9      | You fall into a shaft and drop 1 floor!
  8111 | D:10     | Entered Level 10 of the Dungeon
  8111 | D:10     | Found a radiant altar of Vehumet.
  8171 | D:10     | Noticed an elephant
  8524 | D:9      | Reached skill level 16 in Polearms
  8524 | D:9      | Reached XP level 11. HP: 81/81 MP: 11/11
  8551 | D:9      | Found a shadowy altar of Dithmenos.
  8786 | D:9      | Reached skill level 5 in Throwing
  8892 | D:9      | Found a glowing silver altar of Zin.
  9225 | D:9      | Found a bloodstained altar of Trog.
 10089 | D:10     | Found a staircase to the Lair.
 10146 | D:10     | Found a broken altar of Ashenzari.
 10302 | D:11     | Noticed Lodul
 10376 | D:11     | Killed Lodul
 10379 | D:11     | Reached skill level 17 in Polearms
 10815 | D:11     | Noticed a manticore
 10839 | D:11     | Reached skill level 10 in Armour
 10849 | D:11     | Killed a manticore
 10909 | D:11     | Noticed Harold
 10938 | D:11     | Killed Harold
 10939 | D:11     | Reached XP level 12. HP: 73/88 MP: 12/12
 11293 | D:12     | Found a gate leading to a gauntlet.
 11303 | Gauntlet | Entered a Gauntlet
 11303 | Gauntlet | Found a transporter.
 11314 | Gauntlet | Found a transporter.
 11315 | Gauntlet | Found a transporter.
 11323 | Gauntlet | Found a transporter.
 11327 | Gauntlet | Found a transporter.
 11332 | Gauntlet | Noticed a balrug
 11335 | Gauntlet | Found a transporter.
 11339 | Gauntlet | Found a transporter.
 11347 | Gauntlet | Found a transporter.
 11351 | Gauntlet | Found a transporter.
 11359 | Gauntlet | Found a transporter.
 11390 | Gauntlet | Found a transporter.
 11402 | Gauntlet | Found a transporter.
 11415 | Gauntlet | Found a transporter.
 11428 | Gauntlet | Found a transporter.
 11432 | Gauntlet | Found a runed translucent door.
 11538 | Gauntlet | Reached skill level 18 in Polearms
 11599 | Gauntlet | Identified the +2 pair of gloves "Eciteitt" {Drain rElec
                  | rF+ Str+3}
 11672 | Gauntlet | Noticed a death scarab
 11726 | Gauntlet | Identified the staff of fire "Mountuf" {*Slow rElec rF+
                  | Int+2 Dex+3}
 11732 | Gauntlet | Identified the +3 longbow "Orb Guardian's Bane" {drain,
                  | Will+}
 11732 | Gauntlet | Noticed a minotaur
 11745 | Gauntlet | Killed a minotaur
 11824 | D:12     | Found a staircase to the Orcish Mines.
 12059 | D:12     | Identified the ring of Bixkoec {Will+ Str+3 Dex+6}
 12238 | D:12     | Acquired a manual of Throwing
 12428 | D:12     | Noticed Fannar
 12454 | D:12     | Killed Fannar
 12710 | D:10     | Reached skill level 19 in Polearms
 12724 | Lair:1   | Entered Level 1 of the Lair of Beasts
 12830 | Lair:1   | Noticed a catoblepas
 12850 | Lair:1   | Killed a catoblepas
 13243 | Lair:1   | Reached XP level 13. HP: 98/98 MP: 13/13
 13774 | Lair:2   | Reached skill level 20 in Polearms
 13819 | Lair:2   | Found a staircase to the Swamp.
 14808 | Lair:2   | Reached skill level 10 in Throwing
 15076 | Lair:3   | Reached skill level 10 in Fighting
 15334 | Lair:3   | Identified the +0 leather armour "Ocselamu" {Fly rF+++
                  | Str-5 Slay-2}
 15525 | Lair:4   | Reached XP level 14. HP: 93/113 MP: 14/14
 15606 | Lair:4   | Found a viscous altar of Jiyva.
 15607 | Lair:4   | Found a staircase to the Slime Pits.
 16151 | Lair:3   | Found a hole to the Spider Nest.
 16352 | Lair:3   | Found a hole to the Spider Nest.
 16750 | Lair:4   | Identified the +3 chain mail of Saipailo {Dex+7}
 17443 | Lair:5   | Entered Level 5 of the Lair of Beasts
 17727 | Lair:5   | Reached skill level 15 in Throwing
 17934 | Lair:5   | Identified the +4 leather armour of Ilatinoso {rF++ rN+
                  | rCorr Dex-3}
 18339 | Lair:5   | Reached skill level 1 in Evocations
 18485 | Lair:5   | Reached XP level 15. HP: 110/120 MP: 15/15
 19254 | D:13     | Reached ***** piety under Trog
 19653 | D:14     | Found a large runed translucent door.
 19653 | D:14     | Found a large runed translucent door.
 19658 | D:14     | Found a shimmering altar of Xom.
 19803 | D:14     | Noticed Louise
 19816 | D:14     | Killed Louise
 19817 | D:14     | Reached skill level 5 in Evocations
 20314 | D:14     | Found a gate to the Vaults.
 20512 | D:14     | Identified Roxanne's Lectures on Reformation
 20512 | D:14     | Noticed Roxanne
 20532 | D:14     | Killed Roxanne
 20623 | D:14     | Found a glowing golden altar of the Shining One.
 20807 | D:15     | Entered Level 15 of the Dungeon
 20807 | D:15     | Found a staircase to the Depths.
 20942 | D:15     | Found a frozen archway.
 20955 | IceCv    | Entered an ice cave
 21406 | IceCv    | Noticed a frost giant
 21437 | IceCv    | Killed a frost giant
 21438 | IceCv    | Reached XP level 16. HP: 133/133 MP: 16/16
 22159 | D:15     | Reached skill level 15 in Fighting
 22603 | D:15     | Found a glowing golden altar of the Shining One.
 22603 | D:15     | Found a glowing silver altar of Zin.
 22604 | D:15     | Found a white marble altar of Elyvilon.
 22739 | Orc:1    | Entered Level 1 of the Orcish Mines
 22786 | Orc:1    | Received a gift from Trog
 23358 | Orc:2    | Entered Level 2 of the Orcish Mines
 23524 | Orc:2    | Found a staircase to the Elven Halls.
 23704 | Orc:2    | Found Linu's General Store.
 23704 | Orc:2    | Found Etzidur's Magic Scroll Emporium.
 23863 | Orc:2    | Slain by an orc knight

Illustrated notes

Levels and vault maps discovered:
D:1:      dpeg_cavernosity, layout_loops_ring
D:2:      layout_basic
D:3:      layout_basic, fedhas_altar_fruit_tree, mainiacjoe_overflow_catwalk
D:4:      layout_loops_cross, nicolae_overflow_crystal_walls, uniq_robin,
          uniq_ijyb, uniq_crazy_yiuf_cottage
D:5:      layout_cave_pools, slow_altar_2, portal_sewer_entry_a
D:6:      layout_basic, grunt_temple_overflow_holy_war,
          minmay_temple_entry_large_hall
D:7:      layout_loops_ring, mainiacjoe_overflow_concentric_impassable,
          mainiacjoe_overflow_alcove_4, marbit_many_paths, serial_shops, shop,
          grunt_ministairs_6, minmay_the_grid_2x2
          [minmay_the_grid_minigrid_medium, minmay_the_grid_minigrid_small_alt,
          minmay_the_grid_broken_lines, minmay_the_grid_prize_diamond_cup]
D:8:      layout_basic, kiku_gazebo_pond_becter, serial_shops,
          nicolae_shop_tiny_waterfront, nicolae_shop_hallway_stairs, shop
D:9:      layout_gridville, mainiacjoe_overflow_alcove_2, old_standard_altar,
          trog_butcher_becter, minmay_crystal_room, david_defended_altar_orc,
          uniq_joseph
D:10:     layout_cave_pools, overflow_temple_1_default,
          mainiacjoe_overflow_24_doors, david_lair_generic
D:11:     layout_cave_pools, hangedman_abyss_or_decor_passed,
          nicolae_elevator_lobby_plus, uniq_harold, uniq_lodul
D:12:     layout_loops_cross, orc_0_dummy, gauntlet_entry_generic, uniq_fannar
D:13:     layout_roguey, grunt_ministairs_9
D:14:     due_chaos_kobolds, layout_cave_pods, skrybe_vaults_entry_preservation,
          serial_column_ruins, column_ruins_hut_pillars,
          column_ruins_hut_ruined, column_ruins_grid_2, column_ruins_grid_1,
          column_ruins_open_small, column_ruins_grid_1, column_ruins_grid_1,
          column_ruins_grid_3, tso_altar, uniq_roxanne, uniq_louise
D:15:     gammafunk_depths_entry_grave, layout_loops_cross, good_gods_temple_1,
          portal_ice_cave_entry_pillars_four, grunt_tough_drop
Lair:1:   layout_chaotic_city, chequers_serial_rivers_small_b,
          infiniplex_staircase_pool_2
Lair:2:   layout_cave_pods, nicolae_swamp_entry_splash_gauntlet, special_room
          [special_room_bee], lemuel_fruit_tree, grunt_megastairs_2
Lair:3:   layout_cave_shapes, spider_nest_entry_web_field, ice2_lemuel,
          grunt_megastairs_4, serial_bayou_shore_b
Lair:4:   layout_gridlike, dpeg_slime_entry_corner, grunt_megastairs_1
Lair:5:   gammafunk_lair_ancient_temple, layout_gridlike
Orc:1:    layout_diamond_mine
Orc:2:    pf_orc_diabolical, layout_diamond_mine, basic_altar

Skill      XL: |  1  2  3  4  5  6  7  8  9 10 11 12 13 14 15 16 |
---------------+-------------------------------------------------+-----
Polearms       | 5 6 7 8 9 11 14 16 17 19 20 | 20.0
Fighting       | 4 5 6 7 11 12 14 15 | 15.6
Armour         | 3 4 6 7 10 11 12 13 14 | 14.1
Throwing       | 4 6 7 13 16 | 16.0
Evocations     | 2 7 |  7.0
Dodging        | 4 |  4.6

Action                     |  1- 3 |  4- 6 |  7- 9 | 10-12 | 13-15 | 16-18 || total
---------------------------+-------+-------+-------+-------+-------+-------++-------
  Melee: Spear             |    38 |       |       |       |       |       ||    38
         Trident           |    49 |   125 |   438 |    46 |    24 |     9 ||   691
         Punch             |     1 |     1 |     5 |       |       |       ||     7
         Tailslap          |       |       |     4 |     5 |    30 |       ||    39
         Halberd           |       |       |       |   763 |  1367 |       ||  2130
         Glaive            |       |       |       |       |    27 |   390 ||   417
  Throw: Stone             |     3 |    10 |    22 |    38 |     5 |       ||    78
         Dart              |       |       |       |       |    29 |     1 ||    30
         Javelin           |       |       |       |       |    12 |    23 ||    35
         Throwing net      |       |       |       |       |     1 |       ||     1
         Boomerang         |       |       |       |       |     6 |     8 ||    14
 Invoke: Berserk           |       |     4 |    10 |    18 |    25 |     2 ||    59
         Trog's Hand       |       |     3 |     3 |    10 |    17 |     4 ||    37
         Brothers in Arms  |       |       |       |     1 |     3 |       ||     4
  Evoke: Wand              |       |       |       |     2 |     1 |       ||     3
         Phial of floods   |       |       |       |     1 |       |       ||     1
    Use: Scroll            |       |     8 |    14 |     7 |    10 |     2 ||    41
         Potion            |       |       |       |     4 |     2 |     1 ||     7
   Stab: Sleeping          |     1 |       |       |       |       |       ||     1
         Paralysed         |       |       |       |     6 |       |       ||     6
 Armour: Animal skin       |     4 |       |       |       |       |       ||     4
         Ring mail         |     6 |       |       |       |       |       ||     6
         Chain mail        |     5 |    59 |       |       |   446 |   112 ||   622
         Plate armour      |       |     3 |   200 |   337 |   421 |       ||   961
         Ice dragon scales |       |       |       |       |    11 |    25 ||    36
  Dodge: Dodged            |    27 |    51 |    77 |   192 |   611 |   116 ||  1074

Table legend: (Time is in decaauts)
 A = Elapsed time spent in this place.
 B = Non-inter-level travel time spent in this place.
 C = Inter-level travel time spent in this place.
 D = Time resting spent in this place.
 E = Time spent auto-exploring this place.
 F = Levels seen in this place.
 G = Mean time per level.
                   A        B        C        D        E       F      G
               +--------+--------+--------+--------+--------+-----+--------+
         Total |  23247 |  22186 |   1061 |   2720 |  14595 |  25 |  929.9 |
       Dungeon |  14607 |  13880 |    727 |   1643 |   9570 |  15 |  973.8 |
          Lair |   6006 |   5743 |    263 |    680 |   3726 |   5 | 1201.2 |
  Orcish Mines |   1058 |    988 |     70 |     39 |    697 |   2 |  529.0 |
         Sewer |    284 |    284 |      0 |      0 |    175 |   1 |  284.0 |
      Ice Cave |    812 |    812 |      0 |    172 |    303 |   1 |  812.0 |
      Gauntlet |    479 |    479 |      0 |    185 |    123 |   1 |  479.0 |
               +--------+--------+--------+--------+--------+-----+--------+

Top non-repeatable levels by time:
  Lair:2: 1500 daAuts
     D:6: 1439 daAuts
  Lair:4: 1412 daAuts
     D:7: 1355 daAuts
     D:9: 1342 daAuts
  Lair:5: 1170 daAuts
  Lair:3: 1123 daAuts
    D:14: 1119 daAuts
     D:4: 1023 daAuts
    D:10: 1021 daAuts
    D:15: 973 daAuts
    D:12: 929 daAuts
    D:11: 914 daAuts
     D:3: 898 daAuts
     D:1: 867 daAuts
